 Dungeon Sprint DCSS version 0.22-a0-750-ga7dcef7 (webtiles) character file.

39 collin38 the Fighter (level 3, -1/40 HPs)
             Began as a Minotaur Fighter on July 15, 2018.
             Was an Initiate of Makhleb.
             Killed from afar by a deep elf knight (39 damage)
             ... with a shard of ice
             ... in the Dungeon (Sprint V: "Ziggurat Sprint").
             The game lasted 00:03:21 (515 turns).

collin38 the Fighter (Minotaur Fighter)              Turns: 515, Time: 00:03:22

Health: -1/40      AC: 27    Str: 27    XL:     3   Next: 26%
Magic:  2/2        EV:  0    Int:  5    God:    Makhleb [......]
Gold:   0          SH: 29    Dex: 15    Spells: 2/2 levels left

rFire    . . .     SeeInvis .   D - +7 Screaming Sword
rCold    . . .     Gourm    .   G - +18 shield of the Gong {rElec rN+ MR+ EV-5}
rNeg     + . .     Faith    .   F - +15 Maxwell's patent armour {-Cast -Tele rElec MR+ rCorr}
rPois    .         Spirit   .   (helmet restricted)
rElec    +         Reflect  .   (no cloak)
rCorr    +         Harm     .   (no gloves)
MR       ++...     NoTele   +   (no boots) Stlth ..........NoCast +
                                (no amulet)
HPRegen  0.13/turn              H - +6 ring of dexterity
MPRegen  0.08/turn              L - +6 ring of strength

@: very slightly contaminated, invisible
A: retaliatory headbutt, horns 2
a: Renounce Religion


You were in the Dungeon.
You worshipped Makhleb.
Makhleb was noncommittal.
You were not hungry.

You visited 1 branch

Inventory:

Hand Weapons
 D - the +7 Screaming Sword (weapon)
   (You found it in the Dungeon)
Armour
 z - +5 gold dragon scales
 F - the +15 Maxwell's patent armour (worn) {-Cast -Tele rElec MR+ rCorr}
   (You found it in the Dungeon)

   It insulates you from electricity.
   It affects your resistance to hostile enchantments.
   It prevents spellcasting.
   It prevents most forms of teleportation.
   It provides partial protection from all sources of acid and corrosion.
 G - the +18 shield of the Gong (worn) {rElec rN+ MR+ EV-5}
   (You found it in the Dungeon)

   It affects your evasion (-5).
   It insulates you from electricity.
   It protects you from negative energy.
   It affects your resistance to hostile enchantments.
Jewellery
 H - a +6 ring of dexterity (left hand)
 I - a +6 ring of dexterity
 J - a +6 ring of intelligence
 K - a +6 ring of intelligence
 L - a +6 ring of strength (right hand)
 M - a +6 ring of strength
 N - an uncursed ring of flight
Wands
 w - a wand of disintegration (7)
 x - a wand of iceblast (7)
 y - a wand of acid (7)
Scrolls
 k - 4 scrolls of blinking
 q - 4 scrolls of amnesia
 r - 7 scrolls of fog
 s - a scroll of holy word
 t - 5 scrolls of identify
 u - 5 scrolls of remove curse
 v - 2 scrolls of fear
Potions
 d - 6 potions of might
 e - 10 potions of curing
 g - 10 potions of heal wounds
 h - 6 potions of haste
 i - 7 potions of magic
 j - 3 potions of berserk rage
 l - 2 potions of brilliance
 m - a potion of invisibility
 n - 4 potions of resistance
 p - 5 potions of agility
Miscellaneous
 E - a lightning rod (4/4)
Comestibles
 f - 7 rations


   Skills:
 * Level 8.2 Fighting
 * Level 4.8 Long Blades
   Level 3.2 Axes
 + Level 6.2 Armour
 + Level 6.2 Shields


You had 2 spell levels left.
You didn't know any spells.
Your spell library was empty.

Dungeon Overview and Level Annotations

Branches:
Dungeon (1/1)

Altars:
Ashenzari
Cheibriados
Dithmenos
Elyvilon
Fedhas
Gozag
Hepliaklqana
Kikubaaqudgha
Makhleb
Nemelex Xobeh
Okawaru
Qazlal
Ru
Sif Muna
Trog
Uskayaw
Vehumet
Wu Jian
Xom
Yredelemnul
Zin
The Shining One
Beogh
Jiyva
Lugonu

Annotations:
D 1 transporter


Innate Abilities, Weirdness & Mutations

You reflexively headbutt those who attack you in melee.
You have a pair of horns on your head.


Message History

GONNNNG!
Your shield prevents you from hitting the trident of protection.
The Screaming Sword applauds itself.
The monsters around you reel from the noise!
The trident of protection hits you but does no damage.
You block the trident of protection's attack.
PTOANNNG!
You slice the deep elf mage!!
The deep elf mage is severely wounded.
The Screaming Sword bellows like a hungry frog.
The monsters around you reel from the noise!
You block the trident of protection's attack.
GONNNNG!
You block the deep elf mage's attack.
PANG!
The deep elf knight points at you and mumbles some strange words.
The shard of ice misses the trident of protection.
The shard of ice hits you!
Ouch! That really hurt!
You die...

▓▓▓▓▓▓▓▓▓▓▓▓▓
▓.8©8.▓.8©8.▓
▓.|)..▓.....▓
▓.....▓.[.|.▓
▓..e..▓.....▓
▓..(e.▓.....▓
▓..@..▓..©..▓
▓..©..▓▓▓▓▓▓▓
▓▓▓▓▓▓▓


You could see a deep elf knight, a deep elf mage and a trident of protection.

Vanquished Creatures
  A mummy (D)
  A bat zombie (D)
2 creatures vanquished.

Notes
Turn   | Place    | Note
-------+----------+-------------------------------------------
     0 | D        | Found the +6 Majin-Bo {vamp, Archmagi MP+6 Int+6}
     0 | D        | Found the +7 great mace "Firestarter" {inner flame, rF++}
     0 | D        | collin38 the Minotaur Fighter began the quest for the Orb.
     0 | D        | Reached XP level 1. HP: 19/19 MP: 0/0
     0 | D        | Found a deep blue altar of Sif Muna.
     0 | D        | Found a sacrificial altar of Ru.
     0 | D        | Found a bloodstained altar of Trog.
     0 | D        | Found a stormy altar of Qazlal.
     0 | D        | Found an iron altar of Okawaru.
     0 | D        | Found a sparkling altar of Nemelex Xobeh.
     0 | D        | Found a blossoming altar of Fedhas.
     2 | D        | Found a transporter.
     2 | D        | Found an ancient bone altar of Kikubaaqudgha.
     2 | D        | Found a viscous altar of Jiyva.
     2 | D        | Found a corrupted altar of Lugonu.
     2 | D        | Found a hazy altar of Hepliaklqana.
     2 | D        | Found a burning altar of Makhleb.
     2 | D        | Found an opulent altar of Gozag.
    34 | D        | Found the +9 heavy crossbow "Sniper" {velocity, Acc+∞ SInv}
    34 | D        | Found the +10 dark maul {crush}
    34 | D        | Found the +15 Maxwell's patent armour {-Cast -Tele rElec MR+ rCorr}
    34 | D        | Found the +18 shield of the Gong {rElec rN+ MR+ EV-5}
    34 | D        | Found the cursed +14 obsidian axe {chop, +Fly SInv *Curse}
    35 | D        | Found the +6 shillelagh "Devastator" {shatter}
    35 | D        | Found the +11 plutonium sword {*Contam Stlth-}
    35 | D        | Found the +8 lance "Wyrmbane" {slay drac, rPois rF+ rC+ AC+3}
    35 | D        | Found the +9 sword of Zonguldrok {reap}
    35 | D        | Found the cursed +13 scythe of Curses {drain, *Curse}
    35 | D        | Found the +0 sword of Power
    35 | D        | Found the +7 mace of Variability {chain chaos}
    35 | D        | Found the +7 Singing Sword
    35 | D        | Found the +7 longbow "Piercer" {penet, EV-2}
    45 | D        | Became a worshipper of Makhleb the Destroyer
   360 | D        | Entered arena 2.
   360 | D        | Found a transporter.
   361 | D        | Reached skill level 4 in Fighting
   362 | D        | Reached skill level 5 in Fighting
   362 | D        | Reached XP level 2. HP: 29/29 MP: 1/1
   374 | D        | Reached skill level 8 in Fighting
   374 | D        | Reached XP level 3. HP: 40/40 MP: 2/2
   511 | D        | Entered arena 3.
   511 | D        | Noticed a trident of protection
   511 | D        | Noticed a deep elf mage
   511 | D        | Noticed a deep elf knight
   511 | D        | Found a transporter.
   515 | D        | Killed from afar by a deep elf knight

Vault maps used:
D:        sprint_v

Skill      XL: |  1  2 |
---------------+-------+-----
Fighting       | 5 8 |  8.2
Long Blades    | 2 4 |  4.8
Axes           | 3 |  3.2
Armour         | 4 6 |  6.2
Shields        | 4 6 |  6.2

Action                   || total
-------------------------++-------
Melee: Double sword      ||     4
       Headbutt          ||     1
  Use: Potion            ||     2
Armor: Plate armour      ||     1
Block: Shield            ||     5

Table legend:
 A = Spawn XP
 B = Non-spawn XP
 C = Spawn XP percentage of total XP
 D = Spawn monster count
 E = Non-spawn monster count
 F = Spawn count percentage of total count
 G = Total turns spent on level
                    A         B        C        D         E        F      G
               +---------+---------+-------+---------+---------+-------+---------
         Total |       0 |      20 |   0.0 |       0 |       2 |   0.0 |   515
               +---------+---------+-------+---------+---------+-------+---------
             D |       0 |      20 |   0.0 |       0 |       2 |   0.0 |   515
               +---------+---------+-------+---------+---------+-------+---------
